 Dungeon Crawl Stone Soup version 0.28.0-45-g0d030f2227 (webtiles) character file.

Game seed: 14698904637489973987

17 pkoi the Insei (level 2, -2/24 HPs)
             Began as a Demigod Gladiator on Apr 4, 2022.
             Slain by a quokka (4 damage)
             ... on level 2 of the Dungeon.
             The game lasted 00:01:08 (909 turns).

pkoi the Insei (Demigod Gladiator)                   Turns: 909, Time: 00:01:09

Health: -2/24      AC:  4    Str: 15    XL:     2   Next: 30%
Magic:  4/4        EV: 12    Int: 16    God:
Gold:   54         SH:  0    Dex: 15    Spells: 1/1 levels left

rFire   . . .      SeeInvis .     - Unarmed
rCold   . . .      Faith    .   (no shield)
rNeg    . . .      Spirit   .   a - +0 leather armour
rPois   .          Reflect  .   b - +0 helmet
rElec   .          Harm     .   (no cloak)
rCorr   .          Rampage  .   (no gloves)
Will    .....                   (no boots)
Stlth   +.........              (no amulet)
HPRegen 0.08/turn               f - +6 ring of intelligence
MPRegen 0.09/turn               (no ring)

@: no status effects
A: high MP 1, forlorn, divine attributes
a: no special abilities


You were on level 2 of the Dungeon.
You visited 1 branch of the dungeon, and saw 2 of its levels.

You collected 54 gold pieces.

Inventory:

Hand Weapons
 e - a +0 mace
Missiles
 c - 3 throwing nets (quivered)
Armour
 a - a +0 leather armour (worn)
 b - a +0 helmet (worn)
Jewellery
 f - a +6 ring of intelligence (left hand)
Scrolls
 d - a scroll of identify


   Skills:
 - Level 1.7 Fighting
 - Level 1.7 Throwing
 - Level 2.6 Dodging
 + Level 3.5 Unarmed Combat


You had one spell level left.
You didn't know any spells.
Your spell library was empty.

Dungeon Overview and Level Annotations

Branches:
Dungeon (2/15)


Innate Abilities, Weirdness & Mutations

You have an increased reservoir of magic. (+10% MP)
You shall have no god before yourself.
Your divine heritage dramatically boosts your attributes as you level up.


Message History

The quokka misses you. The quokka bites you.
* * * LOW HITPOINT WARNING * * *
You hit the quokka but do no damage.
The quokka is severely wounded.
The quokka bites you.
* * * LOW HITPOINT WARNING * * *
You barely miss the quokka.
The quokka is severely wounded.
The quokka bites you.
* * * LOW HITPOINT WARNING * * *
The quokka barely misses you.
You barely miss the quokka.
The quokka is severely wounded.
The quokka bites you.
* * * LOW HITPOINT WARNING * * *
The quokka closely misses you.
You barely miss the quokka.
The quokka is severely wounded.
The quokka closely misses you.
You hit the quokka but do no damage.
The quokka is severely wounded.
The quokka barely misses you. The quokka bites you.
* * * LOW HITPOINT WARNING * * *
Unknown command.
You are now empty-handed.
The quokka barely misses you.
You aren't carrying any potions.
Okay, then.
Unknown command.
The quokka bites you.
* * * LOW HITPOINT WARNING * * *
The quokka barely misses you.
Found 13 gold pieces.
The quokka barely misses you. The quokka bites you.
* * * LOW HITPOINT WARNING * * *
The quokka bites you.
* * * LOW HITPOINT WARNING * * *
An endoplasm comes into view.
Found a quarterstaff.
The quokka bites you.
You die...

#.# #K# #.#####.# #.#
#.......####J# ##
........J.##.# .# ++#
..#######.##g# .#...
#K##.####.#.###.
#######.##...K........
.......r######..#####
...)J...@...##.##
#.#########.##K# #.#
#J# #.##.# #.##g#
#.##.# ##
.####.##.######
.!.................


You could see 2 endoplasms, a quokka and a kobold.

Vanquished Creatures
  A dart slug (D:1)
  2 ball pythons (D:1)
  2 bats (D:1)
  An endoplasm (D:1)
  A goblin (D:1)
  2 hobgoblins
  2 quokkas (D:1)
  A frilled lizard (D:1)
  A rat (D:1)
13 creatures vanquished.

Notes
Turn   | Place    | Note
-------+----------+-------------------------------------------
     0 | D:1      | pkoi the Demigod Gladiator began the quest for the Orb.
     0 | D:1      | Reached XP level 1. HP: 17/17 MP: 3/3
   155 | D:1      | Reached skill level 3 in Unarmed Combat
   341 | D:1      | Reached XP level 2. HP: 24/24 MP: 4/4
   909 | D:2      | Slain by a quokka

Illustrated notes

Levels and vault maps discovered:
D:1:      saegor_arrival_fortress, layout_rooms
D:2:      layout_loops_ring, nicolae_ecumenical_lake_church,
          kennysheep_generic_room_3

Skill      XL: |  1 |
---------------+----+-----
Unarmed Combat | 3 |  3.5
Fighting       | |  1.7
Throwing       | |  1.7
Dodging        | |  2.6

Action                   || total
-------------------------++-------
Melee: Mace              ||    49
  Use: Scroll            ||     3
Armor: Leather armour    ||    20
Dodge: Dodged            ||    50
